 Dungeon Crawl Stone Soup version 0.30-a0-371-gad7725a93e (webtiles) character file.

Game seed: 1648103736250861462

621 mopl the Sneak (level 7, -1/47 HPs)
             Began as an Octopode Brigand on Nov 21, 2022.
             Was a Follower of Dithmenos.
             Slain by an ufetubus (5 damage)
             ... on level 5 of the Dungeon.
             The game lasted 00:06:03 (3892 turns).

mopl the Sneak (Octopode Brigand)                   Turns: 3892, Time: 00:06:03

Health: -1/47      AC:  1    Str: 17    XL:     7   Next: 46%
Magic:  8/8        EV: 12    Int: 15    God:    Dithmenos [*.....]
Gold:   353        SH:  0    Dex: 13    Spells: 5/8 levels left

rFire   . . .      SeeInvis .    a - +2 dagger
rCold   . . .      Faith    .    (no shield)
rNeg    . . .      Spirit   .    (helmet restricted)
rPois   .          Reflect  .    (no amulet)
rElec   .          Harm     .    s - +6 ring of strength
rCorr   .          Rampage  .    (no ring)
Will    .....                    (no ring)
Stlth   +++++.....               (no ring)
HPRegen 0.27/turn                (no ring)
MPRegen 0.11/turn                (no ring)
                                 (no ring)
                                 (no ring)

@: wreathed by umbra
A: almost no armour, amphibious, 8 rings, camouflage 1, gelatinous body 1,
(nimble swimmer 1), tentacles
a: Renounce Religion


You were on level 5 of the Dungeon.
You worshipped Dithmenos.
Dithmenos was aware of your devotion.
You visited 2 branches of the dungeon, and saw 6 of its levels.

You collected 353 gold pieces.

Inventory:

Hand Weapons
 a - a +2 dagger (weapon)
Missiles
 b - 13 poisoned darts (quivered)
 c - 3 curare-tipped darts
 u - a throwing net
Jewellery
 s - a +6 ring of strength (left tentacle)
Scrolls
 d - a scroll of fear {unknown}
 e - a scroll of silence {unknown}
 f - 6 scrolls of teleportation
 i - a scroll of amnesia {unknown}
 k - a scroll of blinking {unknown}
 q - a scroll of vulnerability {unknown}
 t - a scroll of noise {unknown}
Potions
 g - 2 potions of curing
 h - 2 potions of brilliance
 j - 2 potions of ambrosia
 m - 2 potions of flight
 n - a potion of berserk rage {unknown}
 o - a potion of lignification {unknown}
 p - 3 potions of might {unknown}
 r - 2 potions of cancellation


   Skills:
 + Level 3.9 Fighting
 - Level 2.0(2.9) Short Blades
 + Level 3.2(3.5) Long Blades
 + Level 4.0 Throwing
 - Level 1.0 Dodging
 + Level 7.5 Stealth
 + Level 1.2 Spellcasting
 + Level 1.4 Conjurations
 + Level 1.5 Hexes


You had 5 spell levels left.
You knew the following spells:

 Your Spells              Type           Power      Damage    Failure   Level
b - Dazzling Flash        Conj/Hex       10%        N/A       36%         3

Your spell library contained the following spells:

 Spells                   Type           Power      Damage    Failure   Level
 Confusing Touch          Hex            5%         N/A       36%         3
 Portal Projectile        Hex/Tloc       6%         N/A       47%         3
 Ignite Poison            Fire/Tmut/Pois 0%         N/A       58%         3
 Vhi's Electric Charge    Tloc/Air       0%         N/A       58%         3
 Leda's Liquefaction      Hex/Erth       1%         N/A       87%         4
 Manifold Assault         Tloc           0%         N/A       94%         4
 Arcjolt                  Conj/Air       1%         1d11      99%         5
 Silence                  Hex/Air        1%         N/A       99%         5
 Yara's Violent Unravell  Hex/Tmut       1%         3d3       99%         5
 Agony                    Necr           0%         N/A       100%        5
 Dispersal                Tloc           0%         N/A       100%        6
 Disjunction              Tloc           0%         N/A       100%        8
 Maxwell's Capacitive Co  Air            0%         ∞         100%        8


Dungeon Overview and Level Annotations

Branches:
Dungeon (5/15)             Temple (1/1) D:4

Altars:
Ashenzari
Dithmenos
Elyvilon
Hepliaklqana
Kikubaaqudgha
Ru
Trog
Uskayaw
Vehumet
Yredelemnul
Zin
The Shining One


Innate Abilities, Weirdness & Mutations

You cannot wear most types of armour.
You are amphibious.
You can wear up to eight rings at the same time.
Your skin changes colour to match your surroundings (Stealth+).
Your rubbery body absorbs attacks. (AC +1, EV +1)
((You are camouflaged when in or above water. (Stealth+)))
You have tentacles for arms and can constrict up to eight enemies at once.


Message History

The centaur shoots an arrow.
The arrow closely misses you.
The centaur shoots an arrow.
The arrow hits you!
An ufetubus comes into view.
The centaur shoots an arrow.
The arrow barely misses you.
The centaur unwields a +0 shortbow.
The centaur barely misses you.
The centaur kicks you but does no damage.
You hit the centaur.
The centaur is lightly wounded.
The centaur completely misses you. The centaur kicks you.
You completely miss the centaur.
The centaur is lightly wounded.
The ufetubus misses you. The ufetubus closely misses you. The centaur hits you.
The centaur closely misses you. The ufetubus hits you.
The ufetubus closely misses you.
You hit the centaur.
The centaur is lightly wounded.
The centaur completely misses you. The centaur kicks you.
The ufetubus hits you. The ufetubus closely misses you.
You hit the centaur but do no damage.
The centaur is lightly wounded.
The centaur hits you. The centaur barely misses you.
The ufetubus barely misses you. The ufetubus closely misses you.
You hit the centaur.
The centaur is moderately wounded.
The centaur hits you.
* * * LOW HITPOINT WARNING * * *
The centaur kicks you.
* * * LOW HITPOINT WARNING * * *
The ufetubus hits you.
* * * LOW HITPOINT WARNING * * *
The ufetubus hits you.
* * * LOW HITPOINT WARNING * * *
The centaur closely misses you. The centaur kicks you.
* * * LOW HITPOINT WARNING * * *
It was a potion of cancellation.
You feel magically purged. The ufetubus hits you.
* * * LOW HITPOINT WARNING * * *
The ufetubus misses you. The centaur closely misses you.
The centaur barely misses you. The ufetubus misses you. The ufetubus hits you.
You die...

## .### ##. ..####...##
##### ..#.. .....#....#
.#..#...#..##.........##
.......#.......#........
#..#.......^..##.c......
...##.........##@5......
...#..###.........##.###
#......##.........#
###...###.......(#.# #
#...# ##.#..#...... #
##..######..##...### #
#..#..##...#.....#
####.........##.....#
..###.####...# ......


You could see a centaur and an ufetubus.

Vanquished Creatures
  Sigmund (D:2)
  A gnoll bouda (D:5)
  An orc priest (D:4)
  A hound (D:4)
  2 iguanas
  3 orc wizards
  9 adders
  8 gnolls
  3 worms
  A dart slug (D:4)
  6 orcs
  11 ball pythons
  5 bats
  4 endoplasms
  A giant cockroach (D:1)
  6 goblins
  7 hobgoblins
  2 jackals (D:1)
  5 quokkas
  2 frilled lizards
  8 kobolds
  4 rats
91 creatures vanquished.

Notes
Turn   | Place    | Note
-------+----------+-------------------------------------------
     0 | D:1      | mopl the Octopode Brigand began the quest for the Orb.
     0 | D:1      | Reached XP level 1. HP: 14/14 MP: 1/1
   301 | D:1      | Reached XP level 2. HP: 6/19 MP: 2/2
   815 | D:1      | Reached skill level 1 in Long Blades
  1165 | D:2      | Reached XP level 3. HP: 25/25 MP: 3/3
  1410 | D:2      | Noticed Sigmund
  1418 | D:2      | Killed Sigmund
  1419 | D:2      | Reached skill level 3 in Fighting
  1419 | D:2      | Reached skill level 2 in Long Blades
  1419 | D:2      | Reached skill level 3 in Throwing
  1419 | D:2      | Reached skill level 6 in Stealth
  1419 | D:2      | Reached XP level 4. HP: 20/31 MP: 4/4
  1419 | D:2      | Reached XP level 5. HP: 23/36 MP: 5/5
  1468 | D:2      | Got Baopn's Almanac of Pestilent Execration
  1490 | D:2      | Reached XP level 6. HP: 38/42 MP: 6/6
  2019 | D:3      | Found a faded altar of an unknown god.
  2240 | D:3      | Found a bloodstained altar of Trog.
  2443 | D:3      | Learned a level 3 spell: Dazzling Flash
  2602 | D:3      | Reached skill level 7 in Stealth
  2637 | D:4      | Found a staircase to the Ecumenical Temple.
  2647 | Temple   | Entered the Ecumenical Temple
  2712 | Temple   | Became a worshipper of Dithmenos the Shadowed
  2792 | D:4      | Found a white marble altar of Elyvilon.
  2939 | D:4      | Found a radiant altar of Vehumet.
  2984 | D:4      | Reached skill level 3 in Long Blades
  3035 | D:4      | Reached skill level 1 in Hexes
  3039 | D:4      | Reached XP level 7. HP: 46/47 MP: 6/8
  3080 | D:4      | Found a hazy altar of Hepliaklqana.
  3109 | D:4      | Reached * piety under Dithmenos
  3150 | D:4      | Reached skill level 1 in Conjurations
  3165 | D:4      | Found a sacrificial altar of Ru.
  3176 | D:4      | Reached skill level 1 in Spellcasting
  3463 | D:5      | Entered Level 5 of the Dungeon
  3738 | D:5      | Reached skill level 4 in Throwing
  3892 | D:5      | Slain by an ufetubus

Illustrated notes

Levels and vault maps discovered:
D:1:      sevenhm_arrival_forest_fort_large_2, layout_loops_corners,
          chequers_hall_statues_corner_a, minmay_misc_feat_roman,
          hangedman_decor_slide_cut
D:2:      layout_loops_cross, hex_large, minmay_cupped, uniq_sigmund
D:3:      minmay_chambers_of_twos, layout_basic, mainiacjoe_overflow_alcove_2,
          shapermc_ecumenical_altar_totnotflames
D:4:      layout_loops_ring, mainiacjoe_overflow_tiny_flanked,
          mainiacjoe_overflow_small_starburst,
          nicolae_ru_great_annihilating_truth, overflow_temple_1_default,
          minmay_temple_entry_arrows
D:5:      layout_cave_pools
Temple:   nicolae_temple_great_sept

Skill      XL: |  1  2  3  4  5  6  7 |
---------------+----------------------+-----
Long Blades    | 1 2 3 |  3.2
Fighting       | 3 |  3.9
Throwing       | 3 4 |  4.0
Stealth        | 6 7 |  7.5
Hexes          | 1 |  1.5
Conjurations   | 1 |  1.4
Spellcasting   | 1 |  1.2
Short Blades   | |  2.0
Dodging        | |  1.0

Action                   |  1- 3 |  4- 6 |  7- 9 || total
-------------------------+-------+-------+-------++-------
Melee: Dagger            |    44 |   100 |    50 ||   194
       Constrict         |     7 |    23 |    11 ||    41
       Tentacles         |     8 |    22 |    10 ||    40
       Punch             |       |     3 |     1 ||     4
Throw: Dart              |       |       |     2 ||     2
  Use: Scroll            |       |     1 |     4 ||     5
       Potion            |       |       |     1 ||     1
 Stab: Sleeping          |    15 |    13 |     7 ||    35
Armor: Skin              |     2 |     3 |     1 ||     6
Dodge: Dodged            |    11 |    48 |    41 ||   100

Table legend: (Time is in decaauts)
 A = Elapsed time spent in this place.
 B = Non-inter-level travel time spent in this place.
 C = Inter-level travel time spent in this place.
 D = Time resting spent in this place.
 E = Time spent auto-exploring this place.
 F = Levels seen in this place.
 G = Mean time per level.
                   A        B        C        D        E       F      G
               +--------+--------+--------+--------+--------+-----+--------+
         Total |   3867 |   3787 |     80 |    255 |   2763 |   6 |  644.5 |
       Dungeon |   3767 |   3687 |     80 |    255 |   2729 |   5 |  753.4 |
        Temple |    100 |    100 |      0 |      0 |     34 |   1 |  100.0 |
               +--------+--------+--------+--------+--------+-----+--------+

Top non-repeatable levels by time:
     D:1: 1042 daAuts
     D:3: 894 daAuts
     D:4: 852 daAuts
     D:2: 685 daAuts
     D:5: 293 daAuts
  Temple: 100 daAuts
